AoeStats
← Chad

Black Forest

505135778Analyzed
2v2 RM · 23d ago on Sep 8, 2026· 65m 53s· 4 players
Game mode
Random Map
Map size
Medium (4 player)
Population
200
Speed
Normal
Resources
Standard
Victory
Conquest
Starting age
Dark Age
Ending age
Imperial Age
RankedLock teamsTeams togetherTeam positionsShared explorationLock speedFull tech treeHidden civsTurbo modeCheats
Victory
Defeat
🇺🇸 Celts · United States
739
+15
🇺🇸 Spanish · United States
703
+16
🇨🇦 Franks · Canada
713
-26
🇺🇸 Britons · United States
713
-27
Mahamantri Bidur
0:35 Loom
15:09 Feudal Age
17:08 Double-Bit Axe
17:08 Horse Collar
17:19 Fletching
18:10 Stone Mining
18:10 Gold Mining
19:07 Wheelbarrow
26:47 Castle Age
25:45 Forging
25:37 Scale Mail Armor
25:48 Padded Archer Armor
28:42 Hand Cart
28:40 Bow Saw
28:14 Man-at-Arms
28:14 Pikeman
28:40 Gambesons
28:56 Squires
28:44 Arson
29:17 Leather Archer Armor
30:58 Stone Shaft Mining
30:44 Heavy Plow
32:34 Fortified Wall
33:19 Masonry
33:23 Caravan
39:28 Imperial Age
37:18 Town Watch
38:30 Long Swordsman
39:48 Iron Casting
39:09 Bodkin Arrow
39:30 Chain Mail Armor
41:18 Chemistry
41:50 Blast Furnace
41:21 Ring Archer Armor
41:57 Two-Man Saw
42:05 Conscription
41:10 Elite Skirmisher
41:12 Two-Handed Swordsman
42:15 Town Patrol
42:04 Halberdier
42:42 Elite Cannon Galleon
44:29 Bombard Tower
47:05 Champion
47:15 Heavy Cavalry Archer
52:52 Arrowslits
53:03 Murder Holes
53:39 Architecture
59:51 Bracer
60:39 Plate Mail Armor
mosesdretg
1:11 Loom
12:57 Feudal Age
13:38 Double-Bit Axe
19:13 Castle Age
17:47 Horse Collar
20:20 Bow Saw
20:28 Heavy Plow
25:01 Wheelbarrow
28:01 Hand Cart
29:24 Fortified Wall
32:28 Imperial Age
33:32 Furor Celtica
33:33 Siege Engineers
34:48 Onager
35:02 Sappers
35:24 Stronghold
36:39 Scale Mail Armor
37:54 Chain Mail Armor
37:09 Pikeman
38:23 Ballistics
37:55 Halberdier
38:10 Siege Onager
40:52 Chemistry
41:30 Plate Mail Armor
41:18 Gold Mining
41:39 Caravan
42:10 Coinage
51:54 Heavy Scorpion
53:58 Hoardings
61:26 Banking
Chad
9:35 Feudal Age
10:42 Double-Bit Axe
11:14 Horse Collar
15:25 Gold Mining
18:11 Stone Mining
19:30 Wheelbarrow
19:27 Padded Archer Armor
19:20 Fletching
21:35 Castle Age
23:57 Hand Cart
23:57 Bow Saw
24:53 Heavy Plow
26:14 Caravan
26:58 Town Watch
26:59 Loom
29:45 Gold Shaft Mining
29:56 Bodkin Arrow
33:55 Imperial Age
32:04 Leather Archer Armor
31:44 Bodkin Arrow
33:04 Yeomen
34:25 Ballistics
34:50 Bracer
35:20 Ring Archer Armor
35:54 Chemistry
34:42 Arrowslits
34:53 Murder Holes
35:22 Conscription
36:08 Hoardings
35:47 Elite Longbowman
36:34 Warwolf
36:40 Warwolf
38:09 Hoardings
39:39 Masonry
40:35 Siege Engineers
41:04 Architecture
40:54 Forging
40:44 Scale Mail Armor
41:02 Squires
40:30 Pikeman
41:27 Halberdier
43:45 Iron Casting
43:25 Chain Mail Armor
57:16 Onager
The Jelqer
10:33 Feudal Age
11:51 Wheelbarrow
11:04 Double-Bit Axe
16:17 Gold Mining
21:21 Castle Age
20:01 Stone Mining
22:17 Hand Cart
22:27 Bow Saw
22:22 Padded Archer Armor
22:31 Caravan
28:01 Murder Holes
28:16 Masonry
28:21 Scale Barding Armor
29:33 Murder Holes
30:21 Chain Barding Armor
30:47 Husbandry
30:09 Light Cavalry
34:46 Imperial Age
33:14 Gold Shaft Mining
33:18 Town Watch
33:49 Fortified Wall
33:55 Forging
34:33 Town Patrol
36:07 Architecture
35:28 Guard Tower
35:22 Cavalier
36:47 #83
36:31 Arrowslits
38:17 Hoardings
38:40 Chivalry
38:05 Elite Throwing Axeman
39:59 Chemistry
39:31 Conscription
38:41 Pikeman
39:22 Squires
39:56 Paladin
42:55 Ballistics
43:56 Plate Barding Armor
44:00 Iron Casting
49:41 Siege Engineers
49:57 Leather Archer Armor
50:42 Blast Furnace
49:43 Scale Mail Armor
49:34 Fletching
50:13 Crossbowman
50:13 Elite Skirmisher
50:14 Heavy Cavalry Archer
50:18 Halberdier
50:19 Man-at-Arms
50:44 Gambesons
50:45 Arson
56:40 Heavy Scorpion
58:01 Bodkin Arrow
58:21 Chain Mail Armor
58:19 Onager
Connection lost

Rejoining the realm…

Still unreachable

The connection could not be restored.

Session expired

The server has moved on; the page needs a fresh start.